 Dungeon Crawl Stone Soup version 0.29.0-13-gc9e81de378 (webtiles) character file.

Game seed: 11101052018920725978

10066 SnakkuSnakku7 the Fighter (level 11, -9/108 HPs)
             Began as a Naga Warper on Sept 9, 2022.
             Was a Follower of the Shining One.
             Mangled by an elephant (14 damage)
             ... on level 1 of the Lair of Beasts.
             The game lasted 00:13:44 (14117 turns).

SnakkuSnakku7 the Fighter (Naga Warper)            Turns: 14117, Time: 00:13:46

Health: -9/108     AC: 13    Str: 22    XL:     11   Next: 56%
Magic:  23/23      EV: 11    Int: 16    God:    the Shining One [*.....]
Gold:   514        SH:  9    Dex: 11    Spells: 14/14 levels left

rFire   + . .      SeeInvis +   a - +7 long sword of the Mushroom {venom, rC+ Str+5 Int+2}
rCold   + . .      Faith    .   f - +0 kite shield
rNeg    . . .      Spirit   .   v - +2 robe {rF+}
rPois   +          Reflect  .   t - +2 helmet
rElec   .          Harm     .   H - +0 cloak
rCorr   .          Rampage  .   g - +2 pair of gloves
Will    +....                   (no barding)
Stlth   +.........              (no amulet)
HPRegen 0.28/turn               q - ring of magical power
MPRegen 0.18/turn               y - ring of wizardry

@: glowing, very slow
A: AC +3, large, see invisible, deformed body, poison resistance, slowness 2,
spit poison 1, naga tail 1
a: Spit Poison, Renounce Religion, Divine Shield


You were on level 1 of the Lair of Beasts.
You worshipped the Shining One.
The Shining One was aware of your devotion.
You visited 3 branches of the dungeon, and saw 11 of its levels.

You collected 605 gold pieces.
You spent 91 gold pieces at shops.

Inventory:

Hand Weapons
 a - the +7 long sword of the Mushroom (weapon) {venom, rC+ Str+5 Int+2}
   (You found it on level 3 of the Dungeon)

   It poisons the flesh of those it strikes.
   Str:       It affects your strength (+5).
   Int:       It affects your intelligence (+2).
   rC:        It protects you from cold.
 s - a +0 hand axe of protection
Missiles
 d - 7 boomerangs of dispersal
 x - 2 boomerangs
Armour
 b - a +0 leather armour
 f - a +0 kite shield (worn)
 g - a +2 pair of gloves (worn)
 t - a +2 helmet (worn)
 v - a +2 robe of fire resistance (worn)
 H - a +0 cloak (worn)
Jewellery
 q - a ring of magical power (left hand)
 y - a ring of wizardry (right hand)
Wands
 C - a wand of paralysis (5)
 D - a wand of polymorph (9)
Scrolls
 e - 13 scrolls of teleportation
 m - a scroll of brand weapon
 z - 2 scrolls of poison
 I - a scroll of fog
 K - a scroll of torment {unknown}
 M - a scroll of enchant weapon {unknown}
Potions
 h - 2 potions of resistance {unknown}
 i - a potion of heal wounds
 j - 2 potions of ambrosia {unknown}
 l - 3 potions of brilliance {unknown}
 n - 4 potions of curing {unknown}
 p - 2 potions of haste {unknown}
 B - 2 potions of flight
 F - a potion of lignification
 G - 4 potions of attraction
 J - a potion of might


   Skills:
 - Level 10.0 Fighting
 + Level 9.2 Axes
 - Level 0.8 Throwing
 - Level 0.7 Armour
 - Level 8.0 Dodging
 - Level 7.2 Shields
 - Level 2.0 Spellcasting
 - Level 3.0 Translocations


You had 14 spell levels left.
You didn't know any spells.
Your spell library contained the following spells:

 Spells                   Type           Power      Damage    Failure   Level
 Blink                    Tloc           22%        N/A       8%          2
 Shock                    Conj/Air       4%         1d3       16%         1
 Gell's Gravitas          Tloc           11%        N/A       16%         3
 Lesser Beckoning         Tloc           11%        N/A       16%         3
 Teleport Other           Tloc           11%        N/A       16%         3
 Manifold Assault         Tloc           11%        N/A       77%         5
 Dispersal                Tloc           5%         N/A       99%         6


Dungeon Overview and Level Annotations

Branches:
Dungeon (9/15)             Temple (1/1) D:7            Lair (1/5) D:8
    Orc: D:9-12

Altars:
Cheibriados
Dithmenos
Fedhas
Gozag
Hepliaklqana
Kikubaaqudgha
Makhleb
Okawaru
Qazlal
Ru
Sif Muna
Trog
Uskayaw
Vehumet
Wu Jian
Xom
Yredelemnul
Zin
The Shining One

Shops:
D:5 (   D:6 *   D:9 (


Innate Abilities, Weirdness & Mutations

Your serpentine skin is tough. (AC +3)
You have supernaturally acute eyesight. (SInv)
Armour fits poorly on your strangely shaped body.
Your system is resistant to poisons. (rPois)
You cover ground very slowly.
You can spit poison.
You have a snake-like lower body.


Message History

You block the elephant's attack.
The elephant trunk-slaps you but does no damage.
The elephant closely misses you.
The elephant trunk-slaps you but does no damage.
You hit the elephant but do no damage.
The elephant looks as sick as possible!
The elephant is lightly wounded.
The elephant closely misses you.
The elephant trunk-slaps you but does no damage.
The elephant misses you. The elephant barely misses you.
The elephant tramples you.
* * * LOW HITPOINT WARNING * * *
You stumble backwards!
You hit the elephant but do no damage.
The elephant looks as sick as possible!
The elephant is moderately wounded.
You block the elephant's attack.
The elephant trunk-slaps you but does no damage.
You block the elephant's attack. The elephant closely misses you.
Unknown command.
You hit the elephant but do no damage.
The elephant looks as sick as possible!
The elephant is moderately wounded.
The elephant tramples you.
* * * LOW HITPOINT WARNING * * *
You stumble backwards!
The elephant tramples you but does no damage.
You block the elephant's attack. x3
You hit the elephant.
The elephant looks as sick as possible!
The elephant is moderately wounded.
The elephant tramples you but does no damage.
The elephant closely misses you. The elephant tramples you.
* * * LOW HITPOINT WARNING * * *
You hold your ground!
The elephant trunk-slaps you but does no damage.
You hit the elephant.
The elephant looks as sick as possible!
The elephant is heavily wounded.
The elephant tramples you!
* * * LOW HITPOINT WARNING * * *
You hold your ground!
The elephant trunk-slaps you.
* * * LOW HITPOINT WARNING * * *
The elephant tramples you!
You die...

"....########......##
#!#........##.......#
###.................#
#P.................#
##................##
#................#
...Y.####..........#
.....# ##.....YY..##
......
####P..@..P####### ..
.....#
##......~~~~..##...
.....
#....~~~≈≈~~..#...
..[
#....~≈≈≈≈≈≈≈~....
###..~≈~~≈≈≈≈~....
##.~≈~.~~~~~....
#~~≈~.<~≈≈≈....
#.≈~≈~~~≈≈~.[..
#..~~≈≈F≈≈≈~....


You could see 2 elephants.

Vanquished Creatures
  A boulder beetle (Lair:1)
  A catoblepas (Lair:1)
  Nergalle (Lair:1)
  2 elephants (Lair:1)
  2 cane toads (Lair:1)
  A rime drake (Lair:1)
  Maggie (Lair:1)
  2 wyverns
  8 yaks
  5 humans (D:9)
  An acid dragon (D:8)
  4 water moccasins
  A sky beast (D:6)
  A black bear (D:5)
  5 orc warriors
  2 ogres
  A phantom (D:6)
  4 kobold brigands
  3 bullfrogs
  2 necrophages
  A gnoll sergeant (D:9)
  2 scorpions
  9 wights
  13 killer bees
  4 hounds
  A jelly (D:7)
  8 orc priests
  A gnoll bouda (D:6)
  An iguana (D:4)
  17 orc wizards
  10 gnolls
  6 adders
  3 shadow imps
  2 white imps
  2 ufetubi (D:5)
  5 worms
  A dart slug (D:1)
  32 orcs
  10 ball pythons
  2 bats
  8 endoplasms
  3 giant cockroaches
  8 goblins
  3 hobgoblins
  3 jackals (D:2)
  6 quokkas
  4 frilled lizards
  45 kobolds
258 creatures vanquished.

Vanquished Creatures (others)
  A fungus (Lair:1)
  22 plants
23 creatures vanquished.

Grand Total: 281 creatures vanquished

Notes
Turn   | Place    | Note
-------+----------+-------------------------------------------
     0 | D:1      | SnakkuSnakku7 the Naga Warper began the quest for the Orb.
     0 | D:1      | Reached XP level 1. HP: 19/19 MP: 3/3
   218 | D:1      | Reached XP level 2. HP: 4/26 MP: 5/5
   967 | D:1      | Reached XP level 3. HP: 8/32 MP: 6/6
  1616 | D:2      | Found a faded altar of an unknown god.
  2573 | D:3      | Reached XP level 4. HP: 25/39 MP: 7/7
  2796 | D:3      | You fall into a shaft and drop 1 floor!
  3057 | D:3      | Identified the +7 long sword of the Mushroom {venom, rC+
                  | Str+5 Int+2}
  3244 | D:3      | Found a shimmering blue altar of Sif Muna.
  3336 | D:3      | Found an ancient bone altar of Kikubaaqudgha.
  3342 | D:3      | Reached skill level 5 in Axes
  3342 | D:3      | Reached XP level 5. HP: 37/45 MP: 8/8
  3345 | D:3      | Found a radiant altar of Vehumet.
  3641 | D:3      | Reached XP level 6. HP: 48/52 MP: 9/9
  3661 | D:3      | Got Vehumet's Book of Battle Magic
  4099 | D:4      | Reached XP level 7. HP: 29/60 MP: 10/10
  4567 | D:5      | Entered Level 5 of the Dungeon
  4567 | D:5      | Found Jyuriuba's Weapon Emporium.
  4861 | D:5      | Reached skill level 3 in Fighting
  4867 | D:5      | Reached XP level 8. HP: 69/69 MP: 11/11
  5047 | D:5      | Reached skill level 4 in Fighting
  5093 | D:5      | Reached skill level 5 in Fighting
  5813 | D:6      | Reached skill level 6 in Fighting
  6072 | D:6      | Reached skill level 7 in Fighting
  6163 | D:6      | Found a burning altar of Makhleb.
  6163 | D:6      | Found a blossoming altar of Fedhas.
  6164 | D:6      | Found a shimmering altar of Xom.
  6367 | D:6      | Reached XP level 9. HP: 83/87 MP: 12/12
  6468 | D:6      | Reached skill level 8 in Fighting
  6921 | D:6      | Found Haxyebru's Assorted Antiques.
  6924 | D:6      | Bought a coppery potion for 17 gold pieces
  6924 | D:6      | Bought a scroll of teleportation for 57 gold pieces
  6924 | D:6      | Bought a bubbling coppery potion for 17 gold pieces
  7701 | D:7      | Found a staircase to the Ecumenical Temple.
  7731 | D:7      | Reached skill level 9 in Fighting
  8496 | Temple   | Entered the Ecumenical Temple
  8566 | Temple   | Became a worshipper of the Shining One
  9136 | D:8      | Reached skill level 10 in Fighting
  9149 | D:8      | Reached skill level 1 in Shields
  9569 | D:8      | Found a staircase to the Lair.
 10131 | D:8      | Reached XP level 10. HP: 84/102 MP: 13/13
 10695 | D:8      | Reached * piety under the Shining One
 11154 | D:9      | Reached skill level 5 in Dodging
 11597 | D:9      | Found Sed Riu's Weapon Emporium.
 12656 | Lair:1   | Entered Level 1 of the Lair of Beasts
 12660 | Lair:1   | Noticed an elephant
 12663 | Lair:1   | Noticed an elephant
 12664 | Lair:1   | Noticed an elephant
 12821 | Lair:1   | Noticed a cane toad
 12821 | Lair:1   | Noticed an elephant
 12827 | Lair:1   | Noticed a boulder beetle
 12840 | Lair:1   | Killed a boulder beetle
 12841 | Lair:1   | Reached XP level 11. HP: 43/108 MP: 14/14
 13111 | Lair:1   | Reached skill level 5 in Shields
 13343 | Lair:1   | Noticed a catoblepas
 13343 | Lair:1   | Noticed Nergalle
 13360 | Lair:1   | Killed a catoblepas
 13370 | Lair:1   | Killed Nergalle
 13770 | Lair:1   | Noticed Maggie
 13782 | Lair:1   | Killed Maggie
 14117 | Lair:1   | HP: 5/108 [elephant (3)]
 14117 | Lair:1   | Mangled by an elephant

Illustrated notes

Levels and vault maps discovered:
D:1:      doesnt_arrival_eight_statues, layout_basic
D:2:      layout_loops_ring, ebering_ecumenical_altar_sacrificial
D:3:      layout_basic, palyth_temple_overflow_mages, nicolae_wormholes
D:4:      layout_rooms, kennysheep_minor_cross
D:5:      layout_basic, serial_shops, nicolae_stop_n_shop_1
D:6:      kennysheep_kobold_camp, layout_loops_corners,
          chequers_temple_overflow_statue_of_worship, serial_shops,
          nicolae_shop_behind_doors
D:7:      layout_gridville, minmay_temple_entry_statues
D:8:      layout_gridville, lair_entry_dummy, minmay_misc_feat_tiny,
          kennysheep_generic_room_15
D:9:      layout_gridville, enter_bailey_1, serial_shops, shop, minmay_ruffians
Temple:   nicolae_temple_elliptical
Lair:1:   layout_cellular_growth, basic_altar, grunt_megastairs_5,
          infiniplex_staircase_pool_2, uniq_maggie, uniq_nergalle

Skill      XL: |  1  2  3  4  5  6  7  8  9 10 11 |
---------------+----------------------------------+-----
Axes           | 3 4 5 6 7 8 9 |  9.2
Fighting       | 3 7 10 | 10.0
Shields        | 4 7 |  7.2
Dodging        | 2 8 |  8.0
Throwing       | |  0.8
Armour         | |  0.7
Spellcasting   | |  2.0
Translocations | |  3.0

Action                   |  1- 3 |  4- 6 |  7- 9 | 10-12 || total
-------------------------+-------+-------+-------+-------++-------
Melee: Hand axe          |   158 |    25 |       |       ||   183
       Punch             |     3 |     1 |       |       ||     4
       Long sword        |       |    56 |   340 |   247 ||   643
 Abil: Spit Poison       |     2 |     2 |     2 |     2 ||     8
  Use: Scroll            |       |     1 |     3 |    19 ||    23
       Potion            |       |       |       |     1 ||     1
Armor: Leather armour    |    47 |    22 |       |       ||    69
       Robe              |       |    18 |   247 |   126 ||   391
       Skin              |       |       |     3 |       ||     3
Dodge: Dodged            |    84 |    33 |   267 |   185 ||   569
Block: Buckler           |       |     2 |    87 |    31 ||   120
       Kite shield       |       |       |       |    75 ||    75
